 Dungeon Crawl Stone Soup version 0.30-a0-603-g51a0fb1b98 (webtiles) character file.

Game seed: 5149418461161860380

317 HoaS the Shooter (level 6, -1/48 HPs)
             Began as a Demigod Hunter on Jan 7, 2023.
             Slain by a gnoll sergeant
             ... wielding a +0 spear
              (6 damage)
             ... on level 3 of the Dungeon.
             The game lasted 00:06:57 (2981 turns).

HoaS the Shooter (Demigod Hunter)                   Turns: 2981, Time: 00:06:57

Health: -1/48      AC:  4    Str: 12    XL:     6   Next: 0%
Magic:  8/8        EV: 12    Int: 11    God:
Gold:   204        SH:  0    Dex: 25    Spells: 5/5 levels left

rFire   . . .      SeeInvis .    a - +2 shortbow
rCold   . . .      Faith    .    (shield currently unavailable)
rNeg    . . .      Spirit   .    c - +1 leather armour
rPois   +          Reflect  .    (no helmet)
rElec   .          Harm     .    (no cloak)
rCorr   .          Rampage  .    (no gloves)
Will    .....                    (no boots)
Stlth   ++                       (no amulet)
HPRegen 0.28/turn                g - ring of poison resistance
MPRegen 0.11/turn                (no ring)

@: no status effects
A: high MP 1, forlorn, divine attributes
a: no special abilities


You were on level 3 of the Dungeon.
You visited 1 branch of the dungeon, and saw 4 of its levels.

You collected 204 gold pieces.

Inventory:

Hand Weapons
 a - a +2 shortbow (weapon)
Armour
 c - a +1 leather armour (worn)
Jewellery
 g - a ring of poison resistance (left hand)
Scrolls
 b - a scroll of immolation
 j - a scroll of fear {unknown}
Potions
 d - a potion of heal wounds {unknown}
 e - a potion of haste {unknown}
 f - a potion of curing
 h - a potion of mutation {unknown}
 i - a potion of cancellation {unknown}
 k - a potion of attraction {unknown}


   Skills:
 - Level 1.7 Fighting
 + Level 6.9 Ranged Weapons
 - Level 1.7 Dodging
 - Level 0.8 Stealth


You had 5 spell levels left.
You didn't know any spells.
Your spell library contained the following spells:

 Spells                   Type           Power      Damage    Failure   Level
 Foxfire                  Conj/Fire      0%         2x1d4     41%         1
 Sublimation of Blood     Necr           0%         N/A       56%         2
 Wereblood                Tmut           0%         N/A       56%         2
 Fireball                 Conj/Fire      0%         3d3       100%        5
 Starburst                Conj/Fire      0%         6d3       100%        6
 Summon Hydra             Summ           0%         N/A       100%        7


Dungeon Overview and Level Annotations

Branches:
Dungeon (4/15)
 Temple: D:4-7

Shops:
D:3 (

Annotations:
D:4 exclusion: ogre


Innate Abilities, Weirdness & Mutations

You have an increased reservoir of magic. (+10% MP)
You shall have no god before yourself.
Your divine heritage dramatically boosts your attributes as you level up.


Message History

Your experience leads to a dramatic increase in your attributes!
Increase (S)trength, (I)ntelligence, or (D)exterity?
You feel agile. x4
Your movement speed is average.
Your attack delay is about 1.1.
Your damage rating with your +2 shortbow is about 16 (Base 9 x 137% (Dex) x 116% (Skill) + 2 (Ench)).
You start resting.
HP restored.
You climb downwards.
Level annotation: exclusion: ogre The gnoll sergeant hits you with a +0 spear.
The gnoll barely misses you. The gnoll hits you with a +0 club.
There is a stone staircase leading up, spattered with blood here.
The gnoll hits you with a +0 club. The gnoll sergeant misses you.
You climb upwards.
There is a stone staircase leading down, spattered with blood here.
You shoot an arrow.
The arrow hits the gnoll sergeant but does no damage.
The gnoll hits you with a +0 club.
The gnoll sergeant hits you with a +0 spear.
You shoot an arrow.
The arrow completely misses the gnoll sergeant.
The gnoll hits you with a +0 club! The gnoll sergeant barely misses you.
You shoot an arrow.
The arrow hits the gnoll sergeant but does no damage.
The gnoll misses you. The gnoll sergeant closely misses you.
You shoot an arrow. The arrow hits the gnoll sergeant!
The gnoll sergeant is heavily wounded.
The gnoll hits you with a +0 club.
The gnoll sergeant hits you with a +0 spear!
You shoot an arrow. The arrow hits the gnoll sergeant.
The gnoll sergeant is heavily wounded.
The gnoll closely misses you.
The gnoll sergeant hits you with a +0 spear!
* * * LOW HITPOINT WARNING * * *
You shoot an arrow. The arrow hits the gnoll sergeant!
The gnoll sergeant is almost dead.
The gnoll hits you with a +0 club.
* * * LOW HITPOINT WARNING * * *
The gnoll sergeant hits you with a +0 spear.
You die...

#.......#....[.....#####.##
#.##.#.##.##.###...# #...#
#.##.#.##.##.####### #(###
#.................# #.#
######.####.......# #.# #.#
#.......# ##.#### #.# #.......#
#...... #.####.......# #..####
#...g@g......# #..####
#.#.##)......# #....##
#.#.#####.#.####.##.##
#.#.###...#...##.##.##
#.#.....#####.##......
#######.#####...#.........#. ####
#.......# ###.#..#####..#. ...#
#.####..# #....##.....#.
##.###.####..########...)..##)##.


You could see a gnoll sergeant and a gnoll.

Vanquished Creatures
  Edmund (D:4)
  2 iguanas (D:4)
  6 gnolls (D:3)
  3 adders
  An ufetubus (D:4)
  A dart slug (D:1)
  4 ball pythons
  5 bats
  4 endoplasms
  6 giant cockroaches
  4 goblins
  10 hobgoblins
  3 jackals (D:1)
  5 kobolds
  4 quokkas
  3 frilled lizards
  4 rats
66 creatures vanquished.

Vanquished Creatures (others)
  A human (D:4)
1 creature vanquished.

Grand Total: 67 creatures vanquished

Notes
Turn   | Place    | Note
-------+----------+-------------------------------------------
     0 | D:1      | HoaS the Demigod Hunter began the quest for the Orb.
     0 | D:1      | Reached XP level 1. HP: 17/17 MP: 3/3
    80 | D:1      | Reached skill level 4 in Ranged Weapons
   136 | D:1      | Reached XP level 2. HP: 24/24 MP: 4/4
   592 | D:2      | Reached XP level 3. HP: 29/29 MP: 5/5
   867 | D:2      | Reached skill level 5 in Ranged Weapons
  1628 | D:3      | You fall into a shaft and drop 1 floor!
  1791 | D:4      | Reached XP level 4. HP: 36/36 MP: 6/6
  2316 | D:3      | Found Zurem's Weapon Emporium.
  2368 | D:4      | Reached skill level 6 in Ranged Weapons
  2368 | D:4      | Reached XP level 5. HP: 38/41 MP: 7/7
  2401 | D:4      | Noticed Edmund
  2420 | D:4      | Killed Edmund
  2543 | D:4      | Noticed a human
  2545 | D:4      | Killed a human
  2685 | D:4      | Noticed an ogre
  2866 | D:3      | Reached XP level 6. HP: 18/48 MP: 8/8
  2981 | D:3      | Slain by a gnoll sergeant

Illustrated notes

Levels and vault maps discovered:
D:1:      minmay_arrival_four_houses, layout_basic,
          ebering_ecumenical_altar_hall
D:2:      layout_rooms, st_stairs_13, kennysheep_decorative_pillar,
          chequers_big_river, grunt_decor_cap, minivault_4, minmay_distorted
D:3:      layout_loops_cross, serial_shops, shop
D:4:      layout_rooms, tgw_kikubaaqudgha, serial_park_tiny_1, lightli_minifort,
          uniq_edmund

Skill      XL: |  1  2  3  4 |
---------------+-------------+-----
Ranged Weapons | 4 5 6 |  6.9
Fighting       | |  1.7
Dodging        | |  1.7
Stealth        | |  0.8

Action                   |  1- 3 |  4- 6 || total
-------------------------+-------+-------++-------
 Fire: Shortbow          |   110 |    62 ||   172
  Use: Scroll            |     7 |     1 ||     8
       Potion            |       |     1 ||     1
Armor: Leather armour    |     5 |     2 ||     7
Dodge: Dodged            |    21 |    23 ||    44

Table legend: (Time is in decaauts)
 A = Elapsed time spent in this place.
 B = Non-inter-level travel time spent in this place.
 C = Inter-level travel time spent in this place.
 D = Time resting spent in this place.
 E = Time spent auto-exploring this place.
 F = Levels seen in this place.
 G = Mean time per level.
                   A        B        C        D        E       F      G
               +--------+--------+--------+--------+--------+-----+--------+
         Total |   3045 |   2973 |     72 |    652 |   1836 |   4 |  761.2 |
       Dungeon |   3045 |   2973 |     72 |    652 |   1836 |   4 |  761.2 |
               +--------+--------+--------+--------+--------+-----+--------+

Top non-repeatable levels by time:
     D:3: 1100 daAuts
     D:2: 762 daAuts
     D:4: 592 daAuts
     D:1: 589 daAuts
